Selects Advanced Infantry Battlegroup
Construct Weapon Support Center
Mechanized Support Center
Construct Medical Station
Selects Artillery Observers
Selects Convert to Ranger Squad
M3 75 mm Gun Motor Carriage
Designate Forward Repair Station
Selects Designate Assault Position
Improved M9 Bazooka Rockets
Selects Ranger Weapon Training
Selects M2A1 105mm Howitzer Emplacement
M4(105) Sherman Bulldozer
M18 Hellcat Tank Destroyer
Designate Forward Repair Station
Construct Medical Station
Construct Medical Station